 Dungeon Crawl Stone Soup version 0.30.1-9-gdf580d7c3d (webtiles) character file.

Game seed: 2334133859814455444

126 lonewolfV2 the Covered (level 4, 0/35 HPs)
             Began as a Demonspawn Fighter on Oct 26, 2023.
             Was an Initiate of Qazlal.
             Slain by Pikel
             ... wielding a +0 whip of flaming
              (3 damage)
             ... on level 4 of the Dungeon.
             The game lasted 00:03:14 (2343 turns).

lonewolfV2 the Covered (Demonspawn Fighter)         Turns: 2343, Time: 00:03:14

Health: 0/35       AC: 17    Str: 19    XL:     4   Next: 84%
Magic:  4/4        EV:  6    Int:  9    God:    Qazlal [......]
Gold:   133        SH:  8    Dex: 12    Spells: 3/3 levels left

rFire   . . .        a - +0 war axe (flame)
rCold   + . .        c - +0 buckler
rNeg    . . .        k - +1 plate armour
rPois   .            l - +0 helmet
rElec   .            (no cloak)
rCorr   .            (no gloves)
SInv    .            (no boots)
Will    .....        u - amulet of regeneration Stlth
                     b - +4 ring of protection
HPRegen 1.05/turn    s - ring of protection from cold
MPRegen 0.09/turn

%: no passive effects
@: no status effects
A: large bone plates 1, demonic touch 1
a: Renounce Religion


You were on level 4 of the Dungeon.
You worshipped Qazlal.
Qazlal was noncommittal.
You visited 1 branch of the dungeon, and saw 4 of its levels.

You collected 133 gold pieces.

Inventory:

Hand Weapons
 a - a +0 war axe of flaming (weapon)
Missiles
 o - a throwing net (quivered)
Armour
 c - a +0 buckler (worn)
 k - a +1 plate armour (worn)
 l - a +0 helmet (worn)
Jewellery
 b - a +4 ring of protection (left hand)
 r - a ring of willpower
 s - a ring of protection from cold (right hand)
 u - an amulet of regeneration (around neck)
Wands
 e - a wand of quicksilver (3)
Scrolls
 i - 3 scrolls of amnesia
 m - 2 scrolls of teleportation
 w - a scroll of identify
 x - a scroll of enchant armour
 y - a scroll of poison
 A - a scroll of enchant weapon {unknown}
Potions
 d - a potion of might
 f - a potion of invisibility {unknown}
 g - a potion of degeneration {unknown}
 h - a potion of lignification {unknown}
 j - a potion of haste {unknown}
 n - 2 potions of curing {unknown}
 p - 5 potions of heal wounds
 q - 2 potions of mutation
 t - a potion of cancellation {unknown}
 v - a potion of attraction {unknown}
 z - a potion of flight {unknown}


   Skills:
 - Level 3.0 Fighting
 - Level 1.7 Axes
 + Level 3.6 Armour
 * Level 3.2 Dodging
 - Level 2.6 Shields
 + Level 0.9 Evocations


You had 3 spell levels left.
You didn't know any spells.
Your spell library contained the following spells:

 Spells                   Type           Power      Damage    Failure   Level
 Slow                     Hex            0%         N/A       100%        1
 Confusing Touch          Hex            0%         N/A       100%        3
 Vampiric Draining        Necr           0%         2d6       100%        3


Dungeon Overview and Level Annotations

Branches:
Dungeon (4/15)
 Temple: D:4-7

Altars:
Ashenzari
Dithmenos
Gozag
Makhleb
Qazlal
Ru
Yredelemnul

Annotations:
D:4 Pikel


Innate Abilities, Weirdness & Mutations

You are partially covered in large bone plates. (SH +4)
Your touch may inflict minor irresistible damage on your foes.


Message History

The lemure hits you but does no damage. Pikel hits you but does no damage.
The lemure hits you but does no damage. The lemure barely misses you.
You barely miss Pikel.
Pikel is moderately wounded.
You hit the lemure. You burn the lemure. You barely miss the lemure.
You slash the lemure! You burn the lemure.
The lemure hits you but does no damage. Pikel barely misses you.
The lemure hits you. The lemure hits you but does no damage.
You barely miss Pikel.
Pikel is moderately wounded.
You hit the lemure. You burn the lemure. You closely miss the lemure.
You slash the lemure! You burn the lemure.
You kill the lemure!
That felt strangely unrewarding.
Pikel hits you with a +0 whip of flaming.
Pikel burns you.
The lemure hits you but does no damage. x2
You hit Pikel. You burn Pikel.
Pikel is heavily wounded.
You hit the lemure. You burn the lemure. You barely miss the lemure.
You closely miss the hobgoblin.
Pikel hits you with a +0 whip of flaming.
* * * LOW HITPOINT WARNING * * *
Pikel burns you.
* * * LOW HITPOINT WARNING * * *
You block the hobgoblin's attack. The lemure barely misses you.
The lemure hits you but does no damage. The hobgoblin barely misses you.
The lemure hits you but does no damage. You block Pikel's attack.
The lemure barely misses you.
You closely miss Pikel.
Pikel is heavily wounded.
You hit the hobgoblin but do no damage. You hit the lemure.
You burn the lemure.
You kill the lemure!
That felt strangely unrewarding.
You closely miss the lemure.
The hobgoblin hits you but does no damage.
You block the lemure's attack.
Pikel hits you with a +0 whip of flaming.
* * * LOW HITPOINT WARNING * * *
Pikel burns you.
You die...

** ***+****,,,,,,,,,,,,,,,*
,******,****,,,.........,,,*
,,,,,,,,,,,,,,,.>..$....,,,*
,,,,,,,,*******#........,,,*
,,*,,,*** #........,,,*
*,,,*,* #........,,,*
***+*+*** #5.......,,,*
*,,,,,..########K5......,,,*
*,,,,,........##@g......,,,*
*,,,,,...[.....#'#######****
*,,,,,..?...........#
+,,,,,..............#
*,,,,,..............#
*,,,,,..............#
***+**........##+####
***+**.............#
,,,,,,.............#


You could see Pikel, 2 lemures and a hobgoblin.

Vanquished Creatures
  2 lemures (D:4)
  A jelly (D:3)
  4 adders
  6 worms
  4 orcs
  3 bats
  3 endoplasms (D:2)
  2 giant cockroaches
  3 goblins
  3 hobgoblins
  2 kobolds (D:2)
  2 quokkas
  3 ball pythons
  3 frilled lizards (D:2)
  5 rats
46 creatures vanquished.

Notes
Turn   | Place    | Note
-------+----------+-------------------------------------------
     0 | D:1      | lonewolfV2 the Demonspawn Fighter began the quest for the
                  | Orb.
     0 | D:1      | Reached XP level 1. HP: 18/18 MP: 1/1
   452 | D:1      | Reached skill level 1 in Dodging
   490 | D:1      | Found an opulent altar of Gozag.
   539 | D:2      | Gained mutation: You are partially covered in large bone
                  | plates. (SH +4) [demonic ancestry]
   539 | D:2      | Reached XP level 2. HP: 20/24 MP: 2/2
   645 | D:2      | Found a faded altar of an unknown god.
   764 | D:2      | Reached XP level 3. HP: 29/29 MP: 3/3
  1072 | D:2      | Gained mutation: Your touch may inflict minor irresistible
                  | damage on your foes. [demonic ancestry]
  1072 | D:2      | Reached XP level 4. HP: 35/35 MP: 4/4
  1301 | D:3      | Found a basalt altar of Yredelemnul.
  1309 | D:3      | Found a broken altar of Ashenzari.
  1310 | D:3      | Found a shadowy altar of Dithmenos.
  1312 | D:3      | Found a stormy altar of Qazlal.
  1312 | D:3      | Found a burning altar of Makhleb.
  1315 | D:3      | Found a sacrificial altar of Ru.
  1323 | D:3      | Became a worshipper of Qazlal Stormbringer
  2329 | D:4      | Noticed Pikel
  2329 | D:4      | Noticed a lemure
  2329 | D:4      | Noticed a lemure
  2330 | D:4      | Noticed a lemure
  2333 | D:4      | Noticed a lemure
  2341 | D:4      | Killed a lemure
  2343 | D:4      | Killed a lemure
  2343 | D:4      | Slain by Pikel

Illustrated notes

Levels and vault maps discovered:
D:1:      dpeg_arrival_water_altar, layout_basic, serial_bayou_pond_a
D:2:      layout_loops_cross, hellmonk_ecumenical_altar_heavens_door,
          nicolae_wormholes
D:3:      layout_loops_corners, minitemple
D:4:      layout_basic, uniq_pikel, uniq_ijyb

Skill      XL: |  1  2  3  4 |
---------------+-------------+-----
Dodging        | 1 2 3 |  3.2
Armour         | 3 |  3.6
Fighting       | |  3.0
Axes           | |  1.7
Shields        | |  2.6
Evocations     | |  0.9

Action                     |  1- 3 |  4- 6 || total
---------------------------+-------+-------++-------
  Melee: War axe           |    85 |    40 ||   125
  Evoke: Wand              |       |     1 ||     1
    Use: Scroll            |       |    10 ||    10
 Armour: Plate armour      |    69 |    43 ||   112
  Dodge: Dodged            |    13 |    17 ||    30
  Block: Buckler           |    42 |    19 ||    61
